 Dungeon Crawl Stone Soup version 0.32-a0-685-g93135e86f0 (webtiles) character file.

Game seed: 5850313354816279499

22 jestert79 the Charlatan (level 2, -4/21 HPs)
             Began as a Coglin Artificer on Mar 12, 2024.
             Slain by an orc
             ... wielding a +0 long sword
              (5 damage)
             ... on level 2 of the Dungeon.
             The game lasted 00:02:19 (728 turns).

jestert79 the Charlatan (Coglin Artificer)           Turns: 728, Time: 00:02:19

Health: -4/21      AC:  4    Str: 12    XL:     2   Next: 91%
Magic:  2/2        EV: 11    Int: 10    God:
Gold:   34         SH:  0    Dex: 14    Spells: 1/1 levels left

rFire   . . .        g - +0 war axe {Kyogo}
rCold   . . .        f - +0 dagger {Lan}
rNeg    . . .        b - +0 leather armour
rPois   .            o - +0 helmet
rElec   .            (no cloak)
rCorr   .            (no gloves)
SInv    .            (no boots)
Will    .....        (amulet unavailable)
Stlth   +            (ring unavailable)
HPRegen 0.23/turn    (ring unavailable)
MPRegen 0.08/turn    (no gizmo)

%: no passive effects
@: revved
A: off-hand wielding, slow wielding, warmup strikes, no jewellery
a: Invent Gizmo, Convert to Beogh


You were on level 2 of the Dungeon.
You visited 1 branch of the dungeon, and saw 2 of its levels.

You collected 34 gold pieces.

Inventory:

Hand Weapons
 a - a +0 club {Ishtar-belessa}
 f - a +0 dagger (offhand) {Lan}
 g - a +0 war axe (weapon) {Kyogo}
Missiles
 l - 2 throwing nets
Armour
 b - a +0 leather armour (worn)
 o - a +0 helmet (worn)
Wands
 c - a wand of flame (15) (quivered)
 d - a wand of charming (15)
 e - a wand of iceblast (5)
Scrolls
 i - a scroll of poison {unknown}
 m - a scroll of teleportation {unknown}
 n - a scroll of immolation {unknown}
Potions
 h - a potion of lignification {unknown}
 j - a potion of degeneration {unknown}
 k - a potion of berserk rage {unknown}


   Skills:
 - Level 1.0 Fighting
 + Level 2.1(2.2) Axes
 - Level 0.6(1.4) Maces & Flails
 - Level 1.7 Armour
 - Level 0.8 Dodging
 - Level 0.7 Stealth
 - Level 4.0 Evocations


You had one spell level left.
You didn't know any spells.
Your spell library contained the following spells:

 Spells                   Type           Power      Damage    Failure   Level
 Cause Fear               Hex            0%         N/A       99%         4
 Fireball                 Conj/Fire      0%         3d3       100%        5
 Dragon's Call            Summ           0%         N/A       100%        9


Dungeon Overview and Level Annotations

Branches:
Dungeon (2/15)

Altars:


Innate Abilities, Weirdness & Mutations

You can wield a second weapon in your off-hand.
It takes a long time for you to wield or remove held weapons.
Your first few attacks do less damage.
You cannot equip rings or amulets.


Message History

Unknown command.
Unknown command.
Found a quarterstaff and 6 stones.
An orc comes into view. It is wielding a +0 short sword.
An orc comes into view. It is wielding a +0 hand axe.
An orc comes into view. It is wielding a +0 long sword.
The orc shouts!
You hear a shout! x2
An orc comes into view. It is wielding a +0 flail.
A hobgoblin comes into view.
The orc shouts!
You hear a shout!
You see here 6 stones.
An orc priest comes into view. It is wielding a +0 club.
You barely miss the orc with your +0 war axe.
You hit the orc with your +0 dagger. The orc barely misses you.
The orc shouts!
You hit the orc but do no damage.
The orc is lightly wounded.
You barely miss the orc with your +0 war axe.
You hit the orc with your +0 war axe. The orc hits you with a +0 long sword.
The orc barely misses you.
You barely miss the orc with your +0 dagger.
The orc is lightly wounded.
You hit the orc but do no damage. You slash the orc with your +0 war axe!
You kill the orc!
You hit the orc with your +0 war axe. The orc barely misses you.
The orc hits you with a +0 hand axe.
The orc priest shouts, "Beogh offers mercy even to people such as you.
Join us and be reborn!" (press Y on the ability menu to convert to Beogh)
You hit the orc with your +0 dagger.
The orc is heavily wounded.
You hit the orc with your +0 war axe.
You hit the hobgoblin with your +0 war axe.
You kill the hobgoblin!
You barely miss the orc with your +0 war axe.
The orc hits you with a +0 long sword.
* * * LOW HITPOINT WARNING * * *
The orc hits you with a +0 hand axe.
* * * LOW HITPOINT WARNING * * *
The orc hits you with a +0 long sword.
You die...

......# .....##
......# .....
#.####.... ....#.o
#.oo# #.. #o@###
.#.. #.(..##....
#..........
###..^.....
#...(.... #
###........ ...
#..........
.....###..........
#...<..........


You could see an orc priest and 3 orcs.

Vanquished Creatures
  An orc (D:2)
  3 bats (D:1)
  4 endoplasms (D:1)
  2 giant cockroaches (D:1)
  3 hobgoblins
  2 ball pythons
  2 frilled lizards (D:1)
  A kobold (D:1)
  4 rats (D:1)
22 creatures vanquished.

Notes
Turn   | Place    | Note
-------+----------+-------------------------------------------
     0 | D:1      | jestert79 the Coglin Artificer began the quest for the Orb.
     0 | D:1      | Reached XP level 1. HP: 15/15 MP: 1/1
   128 | D:1      | Reached skill level 1 in Axes
   164 | D:1      | Reached XP level 2. HP: 21/21 MP: 2/2
   728 | D:2      | HP: 1/21 [orc/+0 hand axe (5)]
   728 | D:2      | Slain by an orc

Illustrated notes

Levels and vault maps discovered:
D:1:      minmay_arrival_cross, layout_basic, hex_tiny
D:2:      layout_rooms, uniq_jessica, uniq_robin

Skill      XL: |  1  2 |
---------------+-------+-----
Axes           | 1 2 |  2.1
Fighting       | |  1.0
Maces & Flails | |  0.6
Armour         | |  1.7
Dodging        | |  0.8
Stealth        | |  0.7
Evocations     | |  4.0

Action                     || total
---------------------------++-------
  Melee: Dagger            ||    36
         War axe           ||    36
         Club              ||     6
   Stab: Sleeping          ||     3
 Armour: Leather armour    ||    23
  Dodge: Dodged            ||    28

Table legend: (Time is in decaauts)
 A = Elapsed time spent in this place.
 B = Non-inter-level travel time spent in this place.
 C = Inter-level travel time spent in this place.
 D = Time resting spent in this place.
 E = Time spent auto-exploring this place.
 F = Levels seen in this place.
 G = Mean time per level.
                   A        B        C        D        E       F      G
               +--------+--------+--------+--------+--------+-----+--------+
         Total |    736 |    717 |     19 |      2 |    531 |   2 |  368.0 |
       Dungeon |    736 |    717 |     19 |      2 |    531 |   2 |  368.0 |
               +--------+--------+--------+--------+--------+-----+--------+

Top non-repeatable levels by time:
     D:1: 716 daAuts
     D:2: 20 daAuts
